 Dungeon Crawl Stone Soup version 0.24-a0-291-g79c1ce7 (webtiles) character file.

Game seed: 7554480039771863120

1489 Anathematize the Chopper (level 8, 74/74 HPs)
             Began as a Naga Berserker on May 11, 2019.
             Was a Believer of Trog.
             Quit the game on level 6 of the Dungeon.
             The game lasted 00:19:50 (6073 turns).

Anathematize the Chopper (Naga Berserker)           Turns: 6073, Time: 00:19:51

Health: 74/74      AC: 10    Str: 21    XL:     8   Next: 80%
Magic:  8/8        EV:  7    Int:  7    God:    Trog [**....]
Gold:   142        SH:  4    Dex:  9    Spells: 7/7 levels left

rFire    + . .     SeeInvis +   a - +1 hand axe
rCold    . . .     Gourm    .   g - +0 buckler (curse)
rNeg     . . .     Faith    .   o - +0 chain mail
rPois    +         Spirit   .   q - +0 helmet
rElec    .         Reflect  .   s - +0 cloak
rCorr    .         Harm     .   (no gloves)
MR       +....                  (no barding)
Stlth    ..........             (no amulet)
HPRegen  0.22/turn              t - ring of protection from fire
MPRegen  0.11/turn              v - -3 ring of dexterity

@: very slow
A: large, see invisible, deformed body, poison resistance, slowness 2, slow
metabolism 1, spit poison 1, AC +2
a: Spit Poison, Berserk, Trog's Hand, Renounce Religion


You were on level 6 of the Dungeon.
You worshipped Trog.
Trog was pleased with you.
You were hungry.

You visited 1 branch of the dungeon, and saw 6 of its levels.

You collected 232 gold pieces.
You spent 90 gold pieces at shops.

Inventory:

Hand Weapons
 a - a +1 hand axe (weapon)
 x - a +1 hunting sling of velocity
 y - a +0 mace
 z - the +6 trident "Goblinslayer" {freeze, *Corrode rPois rC+++ Dex+2}
   (You took it off a crimson imp on level 5 of the Dungeon)

   It has been specially enchanted to freeze those struck by it, causing extra
   injury to most foes and up to half again as much damage against particularly
   susceptible opponents.
   It can also slow down cold-blooded creatures.
   It affects your dexterity (+2).
   It renders you almost immune to cold.
   It protects you from poison.
   It may corrode you when you take damage.
Missiles
 h - 6 javelins
 k - 172 stones (quivered)
Armour
 g - a cursed +0 buckler (worn)
 o - a +0 chain mail (worn)
 q - a +0 helmet (worn)
 s - a +0 cloak (worn)
Jewellery
 t - a ring of protection from fire (left hand)
 v - a -3 ring of dexterity (right hand)
Wands
 u - a wand of polymorph (2)
Scrolls
 e - 2 scrolls of remove curse
 i - 2 scrolls of magic mapping
 n - 2 scrolls of enchant weapon
 p - a scroll of amnesia {unknown}
 w - a scroll of noise {unknown}
 C - a scroll of identify
Potions
 b - 2 potions of haste {unknown}
 d - 2 potions of mutation
 f - a potion of agility
 j - 6 potions of curing
 l - a potion of cancellation
 m - a potion of brilliance {unknown}
 r - a potion of invisibility {unknown}
 A - a potion of magic {unknown}
 D - a potion of lignification {unknown}
Comestibles
 c - 8 rations


   Skills:
 + Level 5.3 Fighting
 * Level 7.2 Axes
 + Level 3.7 Armour
 + Level 3.6 Dodging
 - Level 2.7 Stealth
 + Level 2.5 Shields


You had 7 spell levels left.
You didn't know any spells.
Your spell library was empty.

Dungeon Overview and Level Annotations

Branches:
Dungeon (6/15)             Temple (0/1) D:5

Altars:
Ashenzari
Cheibriados
Gozag

Shops:
D:4 *

Annotations:
D:2 1 runed translucent door, exclusion: door, Crazy Yiuf


Innate Abilities, Weirdness & Mutations

You cannot wear boots.
Your serpentine skin is tough. (AC +2)
You have supernaturally acute eyesight. (SInv)
Armour fits poorly on your strangely shaped body.
Your system is resistant to poisons. (rPois)
You cover ground very slowly.
You have a slow metabolism.
You can spit poison.


Message History

You slash the worker ant zombie!
The worker ant zombie is severely damaged.
You are feeling hungry.
The worker ant zombie barely misses you.
You slash the worker ant zombie!
You destroy the worker ant zombie!
Trog accepts your kill.
There is a stone staircase leading up here.
Okay, then.
Save game and exit?
Welcome back, Anathematize the Naga Berserker.
Trog says: Kill them all!
Press ? for a list of commands and other information.
Quiver which item? (- for none, * to show all) (? for menu, Esc to quit)
Okay, then.
Quiver which item? (- for none, * to show all) (? for menu, Esc to quit)
Okay, then.
Quiver which item? (- for none, * to show all) (? for menu, Esc to quit)
Okay, then.
Are you sure you want to abandon this character and quit the game? (Confirm with "yes".)

.. .. ###....
#. #...#.#
#..#.#.#.#
#..#... .####.#
#.....##.....
..##.##...#..#
..........@..##
..............#
........##..#.#
####...##..(..#
#... ......#
..... >.......#
...##.
......... #.<.
............
... .. ...).#.


There were no monsters in sight!

Vanquished Creatures
  Grinder (D:5)
  2 sky beasts (D:5)
  An ice beast (D:5)
  2 phantoms (D:5)
  An ogre (D:5)
  A scorpion (D:4)
  A howler monkey (D:5)
  2 crimson imps
  2 orc priests (D:3)
  A centaur skeleton (D:4)
  An iguana (D:5)
  Natasha (thrice) (D:2)
  4 orc wizards
  5 worker ants
  A worker ant zombie (D:6)
  A howler monkey skeleton (D:5)
  8 adders
  4 oozes
  3 worms
  A dart slug (D:1)
  A leopard gecko (D:1)
  17 orcs
  A giant cockroach (D:2)
  2 goblins
  11 hobgoblins
  3 jackals (D:5)
  5 kobolds
  2 quokkas
  A ball python zombie (D:5)
  5 bats
  5 frilled lizards
  7 rats
105 creatures vanquished.

Notes
Turn   | Place    | Note
-------+----------+-------------------------------------------
     0 | D:1      | Anathematize the Naga Berserker began the quest for the
                  | Orb.
     0 | D:1      | Reached XP level 1. HP: 21/21 MP: 1/1
   271 | D:1      | Reached XP level 2. HP: 27/28 MP: 2/2
   970 | D:2      | Reached XP level 3. HP: 31/34 MP: 3/3
  1091 | D:2      | Reached skill level 1 in Stealth
  1241 | D:2      | Found a shattered altar of Ashenzari.
  1449 | D:2      | Noticed Natasha
  1455 | D:2      | Killed Natasha
  1455 | D:2      | Reached skill level 4 in Axes
  1455 | D:2      | Reached XP level 4. HP: 33/42 MP: 4/4
  1622 | D:2      | Noticed Natasha
  1636 | D:2      | Killed Natasha
  1703 | D:2      | Noticed Natasha
  1712 | D:2      | Killed Natasha
  1766 | D:2      | Reached XP level 5. HP: 49/50 MP: 5/5
  1909 | D:2      | Found a snail-covered altar of Cheibriados.
  1935 | D:2      | Found a runed translucent door.
  1936 | D:2      | Noticed Crazy Yiuf
  2073 | D:3      | Reached ** piety under Trog
  2359 | D:3      | Found an opulent altar of Gozag.
  2511 | D:3      | Reached XP level 6. HP: 57/57 MP: 6/6
  2730 | D:3      | Reached skill level 5 in Axes
  3408 | D:4      | Found Foin Xen's Assorted Antiques.
  3423 | D:4      | Bought a scroll labeled QULONOISTRA for 30 gold pieces
  3423 | D:4      | Bought a scroll of identify for 60 gold pieces
  3681 | D:4      | You fall through a shaft!
  3681 | D:5      | Entered Level 5 of the Dungeon
  3692 | D:5      | Reached XP level 7. HP: 64/64 MP: 7/7
  3932 | D:5      | Reached skill level 1 in Shields
  4127 | D:5      | Found a staircase to the Ecumenical Temple.
  4164 | D:5      | Identified the +6 trident "Goblinslayer" {freeze, *Corrode
                  | rPois rC+++ Dex+2}
  4378 | D:5      | Reached skill level 6 in Axes
  4668 | D:4      | Reached XP level 8. HP: 70/73 MP: 8/8
  5197 | D:5      | Reached skill level 5 in Fighting
  5795 | D:5      | Noticed Grinder
  5805 | D:5      | Killed Grinder
  5805 | D:5      | Reached skill level 7 in Axes
  6073 | D:6      | Quit the game

Levels and vault maps discovered:
D:1:      dpeg_arrival_shelter, layout_basic
D:2:      layout_loops_ring, lemuel_coloured_pillars_altar,
          overflow_temple_1_default, first_ration, uniq_natasha,
          uniq_crazy_yiuf_cottage
D:3:      layout_basic, nicolae_gozag_cash_rules_everything_around_me
D:4:      layout_basic, serial_shops, nicolae_shop_waterfront
D:5:      layout_cave_pods, minmay_temple_entry_antechambers,
          minmay_stone_trees_small, uniq_grinder
D:6:      layout_rooms, fedhas_altar_2

Skill      XL: |  1  2  3  4  5  6  7  8 |
---------------+-------------------------+-----
Stealth        | 1 2 |  2.7
Axes           | 4 5 6 7 |  7.2
Armour         | 2 3 |  3.7
Dodging        | 2 3 |  3.6
Fighting       | 4 5 |  5.3
Shields        | 1 2 |  2.5

Action                   |  1- 3 |  4- 6 |  7- 9 || total
-------------------------+-------+-------+-------++-------
Melee: Hand axe          |    83 |   181 |   244 ||   508
       Unarmed           |       |     7 |       ||     7
 Fire: Hunting sling     |       |    24 |    20 ||    44
Invok: Berserk           |     4 |     5 |     6 ||    15
       Trog's Hand       |       |     1 |     2 ||     3
 Abil: Spit Poison       |     3 |       |     1 ||     4
  Use: Scroll            |       |    11 |       ||    11
  Eat: Ration            |     1 |     1 |       ||     2
       Chunk             |     1 |     7 |    13 ||    21
Armor: Animal skin       |    23 |       |       ||    23
       Leather armour    |     2 |       |       ||     2
       Chain mail        |    26 |    95 |   100 ||   221
       Skin              |       |     1 |       ||     1
Dodge: Dodged            |    72 |    54 |    60 ||   186
Block: Buckler           |       |    11 |    28 ||    39

Table legend:
 A = Non-vault XP
 B = Vault XP
 C = Vault XP percentage of total XP
 D = Non-vault monster count
 E = Vault monster count
 F = Vault count percentage of total count
                 A         B        C        D         E       F
            +---------+---------+-------+---------+---------+-------
      Total |    1826 |     302 |  14.2 |     103 |       2 |   1.9
            +---------+---------+-------+---------+---------+-------
        D:1 |      24 |       0 |   0.0 |      13 |       0 |   0.0
        D:2 |     125 |      35 |  21.9 |      16 |       1 |   5.9
        D:3 |     192 |       0 |   0.0 |      23 |       0 |   0.0
        D:4 |     399 |       0 |   0.0 |      24 |       0 |   0.0
        D:5 |    1071 |     267 |  20.0 |      26 |       1 |   3.7
        D:6 |      15 |       0 |   0.0 |       1 |       0 |   0.0
            +---------+---------+-------+---------+---------+-------
